cohdb
Replays
Latest Replays
All Replays
Popular Replays
Top Player Replays
Match Explorer
How It Works
Community
CoH3 Stats
Reddit
Sign in to upload your games and track your stats! →
Sign in with Steam
GG vs Friendly/Talented Players, No1 Brit Down
Match 12839881
Overview
Messages
Build Orders
End
Selects Luftwaffe Battlegroup
Selects Fallschirmpioneer Squad Paradrop
Fallschirmpioneer Squad Paradrop
Construct Infanterie Kompanie
MG 42 Machine Gun Team
MG 42 Machine Gun Team
Grenadier Squad
Construct Panzergrenadier Kompanie
Selects Stuka Strafing Run
Panzergrenadier Squad
Pak 40 Anti-tank Gun Team
Panzergrenadier Squad
Medical Station
Panzergrenadier Officer Quarters
Selects Fallschirmjäger Squad Paradrop
Fallschirmjäger Squad Paradrop
Construct Panzer Kompanie
Panzer IV Medium Tank
Fallschirmpioneer Squad Paradrop
Selects Stuka Loiter
Stuka Loiter
Stuka Strafing Run
Panzer IV Medium Tank
Panzer Officer Quarters
Panzer IV Medium Tank
Stuka Loiter
2Pak
PteroDAKtyl
B L U E SKI D R OW
Enemy
0
0
Comments
sign in to comment!
No comments posted yet!